 Dungeon Crawl Stone Soup version 0.21.1-1-g345015f (webtiles) character file.

189 Iko the Skirmisher (level 5, -10/38 HPs)
             Began as an Octopode Abyssal Knight on May 2, 2018.
             Was a Follower of Lugonu.
             Killed from afar by a lich (41 damage)
             ... with a bolt of lightning
             ... on level 2 of the Abyss.
             The game lasted 00:01:45 (95 turns).

Iko the Skirmisher (Octopode Abyssal Knight)          Turns: 95, Time: 00:01:46

Health: -10/38     AC:  1    Str: 12    XL:     5   Next: 68%
Magic:  6/6        EV: 14    Int: 14    God:    Lugonu [*.....]
Gold:   32         SH:  0    Dex: 12    Spells: 4/4 levels left

rFire    . . .     SeeInvis .   a - +1 hand axe
rCold    . . .     Gourm    .   (no shield)
rNeg     . . .     Faith    .   (helmet restricted)
rPois    .         Spirit   .   (no amulet)
rElec    .         Reflect  .   (no ring)
rCorr    .         Harm     .   (no ring)
MR       .....                  (no ring)
Stlth    ++........             (no ring)
HPRegen  0.12/turn              (no ring)
MPRegen  0.10/turn              (no ring)
                                (no ring)
                                (no ring)

@: no status effects
A: almost no armour, stealthy swim, amphibious, 8 rings, constrict 8, camouflage
1, gelatinous body 1
a: Depart the Abyss, Renounce Religion


You were on level 2 of the Abyss.
You worshipped Lugonu.
Lugonu was aware of your devotion.
You were not hungry.

You visited 0 branches of the dungeon, and saw 0 of its levels.
You visited the Abyss 1 time.

You collected 32 gold pieces.

Inventory:

Hand Weapons
 a - a +1 hand axe (weapon)
Scrolls
 c - a scroll of noise {unknown}
Potions
 e - a potion of invisibility {unknown}
Comestibles
 b - a ration


   Skills:
 + Level 4.9 Fighting
 + Level 2.8 Axes
 + Level 3.5 Dodging
 + Level 2.5 Invocations


You had 4 spell levels left.
You didn't know any spells.

Dungeon Overview and Level Annotations

Branches:
Dungeon (0/15)

Altars:


Innate Abilities, Weirdness & Mutations

You cannot wear most types of armour.
You are very stealthy in the water. (Stealth+)
You are amphibious.
You can wear up to eight rings at the same time.
You can use your tentacles to constrict eight enemies at once.
Your skin changes colour to match your surroundings (Stealth+).
Your rubbery body absorbs attacks. (AC +1, EV +1)


Message History

Your white imp closely misses the small abomination.
The small abomination hits you.
Your white imp barely misses the small abomination.
You hit the small abomination.
The small abomination is moderately damaged.
The small abomination hits you but does no damage.
Your large abomination hits the small abomination!
Your white imp hits the small abomination but does no damage.
A lich comes into view.
You hit the small abomination but do no damage.
Your squeeze misses the small abomination.
The small abomination is severely damaged.
The small abomination hits you.
Your white imp gestures at the small abomination.
The puff of frost hits the small abomination.
The small abomination is destroyed!
The lich points at you and mumbles some strange words.
The bolt of lightning hits you!
Ouch! That really hurt!
You die...

#. .#. .######..
#. #. .#.#.## #.#
. #.#...../ ..#..
##.##..# #
.####.#.##.....#
.#
.....#..#......#.#
#......#.##.#.#§#
.
.........L...@..#
... ..
.....v.5X#.# ....
#.......#.. # . .
#......†#.# .
##v...#...# .
...###...##..##.
.......#.......##
... ... ......#
... . . . #...
.#.# ..##


You could see a lich, 2 friendly spatial vortices, a friendly large abomination
and a friendly white imp.

Vanquished Creatures (collateral kills)
  A raiju (Abyss:2)
  A small abomination (Abyss:2)
  A quasit (Abyss:2)
  An iron imp (Abyss:2)
4 creatures vanquished.

Notes
Turn   | Place    | Note
-------+----------+-------------------------------------------
     0 | Abyss:1  | Iko the Octopode Abyssal Knight began the quest for the Orb.
     0 | Abyss:1  | Reached XP level 1. HP: 16/16 MP: 2/2
    66 | Abyss:2  | Noticed an iron imp
    66 | Abyss:2  | Noticed a quasit
    71 | Abyss:2  | Killed a quasit
    71 | Abyss:2  | Reached XP level 2. HP: 17/21 MP: 3/3
    73 | Abyss:2  | Noticed a raiju
    74 | Abyss:2  | Reached XP level 3. HP: 23/27 MP: 4/4
    79 | Abyss:2  | Killed a raiju
    79 | Abyss:2  | Reached skill level 4 in Fighting
    79 | Abyss:2  | Reached XP level 4. HP: 29/34 MP: 5/5
    79 | Abyss:2  | Reached XP level 5. HP: 33/38 MP: 6/6
    88 | Abyss:2  | Noticed a small abomination
    95 | Abyss:2  | Noticed a lich
    95 | Abyss:2  | Killed a small abomination
    95 | Abyss:2  | Killed from afar by a lich

Skill      XL: |  1  2  3 |
---------------+----------+-----
Fighting       | 4 |  4.9
Dodging        | 3 |  3.5
Axes           | |  2.8
Invocations    | |  2.5

Action                   |  1- 3 |  4- 6 || total
-------------------------+-------+-------++-------
Melee: Hand axe          |     3 |     5 ||     8
       Constrict         |     2 |       ||     2
       Tentacles         |       |     1 ||     1
  Use: Scroll            |     2 |       ||     2
Armor: Skin              |       |     1 ||     1
Dodge: Dodged            |     8 |     2 ||    10
